 Dungeon Crawl Stone Soup version 0.22-a0-612-gd2f0174 (webtiles) character file.

11034 sking99 the Grappler (level 11, -8/111 HPs)
             Began as a Troll Monk on July 11, 2018.
             Was an Elder of Wu Jian.
             Mangled by a two-headed hydra (15 damage)
             ... on level 1 of the Lair of Beasts.
             The game lasted 00:20:17 (9802 turns).

sking99 the Grappler (Troll Monk)                   Turns: 9802, Time: 00:20:18

Health: -8/111     AC:  7    Str: 21    XL:     11   Next: 44%
Magic:  10/10      EV: 14    Int: 10    God:    Wu Jian [****..]
Gold:   616        SH:  0    Dex: 16    Spells: 8/10 levels left

rFire    + . .     SeeInvis .   b - +1 scimitar (flame)
rCold    + . .     Gourm    +   (no shield)
rNeg     . . .     Faith    .   t - +0 troll leather armour
rPois    .         Spirit   .   (helmet restricted)
rElec    .         Reflect  .   m - scarf {rC+ rF+}
rCorr    .         Harm     .   (gloves unavailable)
MR       .....                  (boots unavailable)
Stlth    ++........             (no amulet)
HPRegen  1.08/turn              g - +2 ring of intelligence
MPRegen  0.12/turn              w - +3 ring of dexterity

@: exhausted
A: large, unfitting armour, claws 3, fast metabolism 3, gourmand, regeneration
1, shaggy fur 1, tough skin 2
a: Wall Jump, Serpent's Lash, Renounce Religion


You were on level 1 of the Lair of Beasts.
You worshipped Wu Jian.
Wu Jian was greatly pleased with you.
You were very full.

You visited 3 branches of the dungeon, and saw 12 of its levels.
You also visited: Sewer.

You collected 616 gold pieces.

Inventory:

Hand Weapons
 b - a +1 scimitar of flaming (weapon)
Missiles
 x - a throwing net (quivered)
Armour
 m - a scarf of resistance (worn)
 t - a +0 troll leather armour (worn)
Jewellery
 f - an uncursed ring of protection from magic
 g - a +2 ring of intelligence (left claw)
 k - an uncursed ring of protection from fire
 q - an uncursed ring of magical power
 w - a +3 ring of dexterity (right claw)
 F - an uncursed ring of ice
Wands
 e - a wand of enslavement (14)
 h - a wand of digging (7)
 s - a wand of random effects (22)
 y - a wand of acid (10)
 B - a wand of flame (27)
Scrolls
 c - 10 scrolls of teleportation
 i - 5 scrolls of remove curse
 l - 3 scrolls of magic mapping
 u - a scroll of fog
 v - a scroll of summoning
 z - a scroll of vulnerability {unknown}
 C - a scroll of enchant armour {unknown}
 D - a scroll of acquirement {unknown}
 E - a scroll of brand weapon {unknown}
 G - a scroll of identify
Potions
 a - a potion of agility
 d - a potion of lignification
 j - 5 potions of magic
 n - 3 potions of flight
 o - 4 potions of heal wounds
 p - 2 potions of curing
 r - a potion of cancellation
 A - a potion of might
 H - a potion of brilliance {unknown}
Comestibles
 I - 20 rations


   Skills:
 + Level 7.9 Fighting
 - Level 6.8 Dodging
 - Level 1.0 Stealth
 * Level 12.7 Unarmed Combat
 - Level 4.0 Hexes


You had 8 spell levels left.
You knew the following spells:

 Your Spells              Type           Power        Failure   Level  Hunger
a - Apportation           Tloc           #.....       41%         1    ##.....
b - Confusing Touch       Hex            #.....       9%          1    ##.....

Your spell library contained the following spells:

 Spells                   Type           Power        Failure   Level  Hunger
 Magic Dart               Conj           #...         41%         1    ##.....
 Throw Frost              Conj/Ice       #.....       54%         2    ###....
 Summon Small Mammal      Summ           #...         41%         1    ##.....
 Iskenderun's Mystic Bla  Conj           #.......     99%         4    #####..
 Animate Dead             Necr           N/A          99%         4    #####..
 Pain                     Necr           #...         41%         1    ##.....
 Animate Skeleton         Necr           N/A          41%         1    ##.....
 Vampiric Draining        Necr           #.........   78%         3    ####...
 Freeze                   Ice            #...         41%         1    ##.....
 Summon Ice Beast         Ice/Summ       #.......     99%         4    #####..
 Ozocubu's Armour         Chrm/Ice       #.......     78%         3    ####...
 Regeneration             Chrm/Necr      #.........   78%         3    ####...
 Throw Icicle             Conj/Ice       #.......     99%         4    #####..
 Fulminant Prism          Conj/Hex       #.........   88%         4    #####..
 Dazzling Spray           Conj/Hex       #.....       50%         3    ####...
 Force Lance              Conj/Tloc      #.......     99%         4    #####..
 Searing Ray              Conj           #.....       54%         2    ###....


Dungeon Overview and Level Annotations

Branches:
Dungeon (10/15)            Temple (1/1) D:7            Lair (1/6) D:8
    Orc (0/2) D:9

Altars:
Ashenzari
Cheibriados
Dithmenos
Elyvilon
Fedhas
Gozag
Hepliaklqana
Kikubaaqudgha
Makhleb
Nemelex Xobeh
Okawaru
Qazlal
Ru
Sif Muna
Trog
Uskayaw
Vehumet
Wu Jian
Xom
Yredelemnul
Zin
The Shining One

Shops:
D:4 *   D:8 ?   D:9 [:=%%

Annotations:
D:10 2 runed doors, Meatbag's ghost, novice DDFi


Innate Abilities, Weirdness & Mutations

You are too large for most types of armour.
You have claws for hands.
Your metabolism is lightning-fast.
You like to eat raw meat.
Your natural rate of healing is unusually fast.
You are covered in fur. (AC +1)
You have very tough skin. (AC +2)


Message History

The three-headed hydra closely misses you.
You riposte.
You barely miss the three-headed hydra.
The three-headed hydra is heavily wounded.
The three-headed hydra bites you!
* * * LOW HITPOINT WARNING * * *
The three-headed hydra bites you but does no damage.
The three-headed hydra bites you.
* * * LOW HITPOINT WARNING * * *
The three-headed hydra misses you.
The three-headed hydra bites you but does no damage.
You are too exhausted to lash out.
You spin and attack the three-headed hydra.
You slice one of the three-headed hydra's heads off!
The flame cauterises the wound!
You slash the two-headed hydra! You burn the two-headed hydra.
The two-headed hydra is severely wounded.
The two-headed hydra bites you!
* * * LOW HITPOINT WARNING * * *
The two-headed hydra bites you!
You die...

#....#.......#.....+..
#....#...........###..
#....#.......#....####
#....#.......#...##
#............#....####
####....#.####+#.........
.........................
........................†
.(.....D@................
####...#..###.##P....#.##
#.?.#........P....#(..
#...#.............#...
#............#....#...
#...#........#....#...
#...#........#........ ..
#........#....#...
#........#....#...


You could see a two-headed hydra (pinned).

Vanquished Creatures
  Fannar (D:10)
  Erica (D:8)
  3 two-headed ogres
  A spiny frog (Lair:1)
  A gargoyle (D:6)
  A troll (D:8)
  Grinder (D:5)
  2 hippogriffs
  Eustachio (D:6)
  A wyvern (D:10)
  2 hungry ghosts (D:9)
  Menkaure (D:5)
  2 water moccasins
  A porcupine (Lair:1)
  Duvessa (D:6)
  5 orc warriors
  A black bear (D:7)
  4 sky beasts
  2 ice beasts (D:9)
  2 necrophages
  2 phantoms
  An eye of draining (D:6)
  2 centaurs
  4 ogres
  A wolf (D:8)
  A big kobold (Sewer)
  7 bullfrogs
  2 gnoll sergeants (D:9)
  Dowan (D:6)
  3 scorpions (D:9)
  6 killer bees (D:7)
  4 howler monkeys
  8 wights
  4 electric eels
  A crimson imp (D:9)
  8 hounds
  A quasit (D:10)
  A bullfrog skeleton (D:9)
  5 orc priests
  2 jellies (D:9)
  8 orc wizards
  Terence (D:2)
  An iguana (D:4)
  7 worker ants
  A worker ant zombie (D:8)
  18 adders
  9 gnolls
  A howler monkey skeleton (D:10)
  3 river rats (Sewer)
  3 shadow imps
  An ooze (D:4)
  An adder skeleton (D:9)
  An adder zombie (D:9)
  3 worms
  A dart slug (D:2)
  5 leopard geckos
  36 orcs
  2 ball pythons (D:4)
  7 giant cockroaches
  6 goblins
  9 hobgoblins
  16 jackals
  12 kobolds
  3 quokkas
  10 bats
  3 frilled lizards
  A leopard gecko zombie (D:5)
  A quokka skeleton (D:4)
  10 rats
278 creatures vanquished.

Vanquished Creatures (others)
  A gnoll (D:9)
1 creature vanquished.

Grand Total: 279 creatures vanquished

Notes
Turn   | Place    | Note
-------+----------+-------------------------------------------
     0 | D:1      | sking99 the Troll Monk began the quest for the Orb.
     0 | D:1      | Reached XP level 1. HP: 22/22 MP: 0/0
   206 | D:1      | Reached XP level 2. HP: 18/29 MP: 1/1
   731 | D:2      | Reached XP level 3. HP: 34/36 MP: 2/2
   798 | D:2      | Reached skill level 4 in Unarmed Combat
   883 | D:2      | Reached XP level 4. HP: 42/44 MP: 3/3
   925 | D:2      | Noticed Terence
   929 | D:2      | Killed Terence
  1358 | D:3      | Found a glowing drain.
  1391 | Sewer    | Entered a sewer
  1404 | Sewer    | Reached XP level 5. HP: 37/53 MP: 4/4
  1499 | Sewer    | Reached skill level 5 in Unarmed Combat
  1526 | Sewer    | Found a white marble altar of Elyvilon.
  2121 | D:4      | Found Beneze's General Store.
  2140 | D:4      | Noticed an ogre
  2149 | D:4      | Killed an ogre
  2149 | D:4      | Reached XP level 6. HP: 9/61 MP: 5/5
  2528 | D:4      | Reached skill level 6 in Unarmed Combat
  2571 | D:4      | Reached XP level 7. HP: 49/68 MP: 6/6
  2939 | D:5      | Entered Level 5 of the Dungeon
  3025 | D:5      | Noticed Grinder
  3044 | D:5      | Killed Grinder
  3328 | D:5      | Noticed Menkaure
  3339 | D:5      | Killed Menkaure
  3339 | D:5      | Reached skill level 7 in Unarmed Combat
  3477 | D:5      | Reached XP level 8. HP: 69/79 MP: 7/7
  3889 | D:6      | Noticed Duvessa
  3889 | D:6      | Noticed Dowan
  3902 | D:6      | Killed Duvessa
  3909 | D:6      | Killed Dowan
  4032 | D:6      | Reached skill level 8 in Unarmed Combat
  4035 | D:6      | Reached skill level 5 in Dodging
  4144 | D:6      | Reached skill level 5 in Fighting
  4157 | D:6      | Noticed Eustachio
  4163 | D:6      | Killed Eustachio
  4249 | D:6      | Noticed a gargoyle
  4313 | D:6      | Reached XP level 9. HP: 69/88 MP: 8/8
  4319 | D:6      | Killed a gargoyle
  4319 | D:6      | Reached skill level 9 in Unarmed Combat
  4615 | D:6      | Noticed a two-headed ogre
  4630 | D:6      | Killed a two-headed ogre
  4630 | D:6      | Reached skill level 10 in Unarmed Combat
  5290 | D:7      | Found a staircase to the Ecumenical Temple.
  5300 | Temple   | Entered the Ecumenical Temple
  5482 | Temple   | Became a worshipper of the Wu Jian Council
  5482 | Temple   | Reached * piety under Wu Jian
  5482 | Temple   | Reached ** piety under Wu Jian
  5744 | D:7      | Reached XP level 10. HP: 100/100 MP: 9/9
  6018 | D:8      | Found a staircase to the Lair.
  6382 | D:8      | Reached skill level 11 in Unarmed Combat
  6425 | D:8      | Learned a level 1 spell: Confusing Touch
  6427 | D:8      | Learned a level 1 spell: Apportation
  6572 | D:8      | Found Mos Unk's Magic Scroll Boutique.
  6678 | D:8      | Noticed Erica
  6690 | D:8      | Killed Erica
  6690 | D:8      | Reached skill level 1 in Hexes
  7339 | D:9      | Reached *** piety under Wu Jian
  7431 | D:9      | Found a staircase to the Orcish Mines.
  7674 | D:9      | Found Aruxics's Antique Armour Shop.
  7680 | D:9      | Found Pommovas's Book Boutique.
  7704 | D:9      | Found Fughesac's Jewellery Shoppe.
  7739 | D:9      | Noticed a two-headed ogre
  7745 | D:9      | Killed a two-headed ogre
  7825 | D:9      | Noticed a two-headed ogre
  7844 | D:9      | Killed a two-headed ogre
  7844 | D:9      | Reached skill level 12 in Unarmed Combat
  7844 | D:9      | Reached XP level 11. HP: 53/109 MP: 10/10
  7928 | D:9      | Found Suwnegot's Food Shoppe.
  8078 | D:9      | Found a deep blue altar of Sif Muna.
  8466 | D:9      | Found Ibigruni's Food Shop.
  8544 | D:9      | Reached **** piety under Wu Jian
  8820 | D:10     | Entered Level 10 of the Dungeon
  8864 | D:10     | Noticed Meatbag's ghost (novice DDFi)
  8864 | D:10     | Noticed a lich
  8865 | D:10     | Noticed a yaktaur captain
  8927 | D:10     | Noticed Fannar
  8944 | D:10     | Killed Fannar
  9309 | D:10     | Found a runed door.
  9311 | D:10     | Found a runed door.
  9312 | D:10     | Noticed a great orb of eyes
  9312 | D:10     | Noticed a skeletal warrior
  9355 | D:10     | Noticed a necromancer
  9355 | D:10     | Noticed a skeletal warrior
  9725 | Lair:1   | Entered Level 1 of the Lair of Beasts
  9790 | Lair:1   | Noticed a seven-headed hydra
  9802 | Lair:1   | Mangled by a two-headed hydra

Vault maps used:
D:1:      kennysheep_arrival_seaside
D:2:      first_ration, kennysheep_another_room, uniq_terence
D:3:      gup_sewer_entry_glass
D:4:      serial_shops, kennysheep_little_box
D:5:      amethyst_killhole, uniq_grinder, uniq_menkaure
D:6:      uniq_eustachio, uniq_duvessa
D:7:      minmay_temple_entry_butterflies
D:8:      erik_lair_island, serial_shops, shop, grunt_ogre_cave, uniq_erica
D:9:      led_sif_pool, erik_orc_3, serial_shops, nicolae_shop_window_shopping,
          shop, nicolae_shop_stone, shop, shop, kennysheep_dice
D:10:     muffindrake_ghost_dual_entry, uniq_fannar
Temple:   minmay_crystal_snake_temple
Lair:1:   beast_lair_carwin_10, serial_bayou_shore_b
Sewer:    sewer_kobolds

Skill      XL: |  1  2  3  4  5  6  7  8  9 10 11 |
---------------+----------------------------------+-----
Unarmed Combat | 4 5 6 7 8 10 12 | 12.7
Fighting       | 3 4 5 6 7 |  7.9
Dodging        | 3 4 5 6 |  6.8
Hexes          | 3 4 |  4.0
Stealth        | |  1.0

Action                   |  1- 3 |  4- 6 |  7- 9 | 10-12 || total
-------------------------+-------+-------+-------+-------++-------
Melee: Unarmed           |    82 |   141 |   267 |   316 ||   806
       Punch             |     2 |     2 |     7 |    24 ||    35
       Scimitar          |       |       |       |     7 ||     7
Invok: Whirlwind         |       |       |     5 |    32 ||    37
       Lunge             |       |       |     2 |    28 ||    30
       Wall Jump         |       |       |       |    23 ||    23
       Serpent's Lash    |       |       |       |     3 ||     3
  Use: Scroll            |       |    10 |     3 |     4 ||    17
       Potion            |       |       |     4 |       ||     4
 Stab: Sleeping          |     2 |     1 |     3 |     4 ||    10
       Distracted        |       |       |       |     1 ||     1
  Eat: Chunk             |    14 |    15 |    29 |    41 ||    99
Armor: Robe              |    33 |    44 |    33 |     6 ||   116
       Skin              |       |       |    17 |       ||    17
       Troll leather arm |       |       |       |    39 ||    39
Dodge: Dodged            |    54 |    90 |   118 |   152 ||   414
       Rpst.: Scimitar   |       |       |       |     1 ||     1

Table legend:
 A = Spawn XP
 B = Non-spawn XP
 C = Spawn XP percentage of total XP
 D = Spawn monster count
 E = Non-spawn monster count
 F = Spawn count percentage of total count
 G = Total turns spent on level
                    A         B        C        D         E        F      G
               +---------+---------+-------+---------+---------+-------+---------
         Total |       0 |   15764 |   0.0 |       0 |     278 |   0.0 |  9802
               +---------+---------+-------+---------+---------+-------+---------
           D:1 |       0 |      38 |   0.0 |       0 |      24 |   0.0 |   690
           D:2 |       0 |     128 |   0.0 |       0 |      21 |   0.0 |   588
           D:3 |       0 |      38 |   0.0 |       0 |      18 |   0.0 |   619
           D:4 |       0 |     401 |   0.0 |       0 |      25 |   0.0 |   864
           D:5 |       0 |     726 |   0.0 |       0 |      15 |   0.0 |   939
           D:6 |       0 |    3239 |   0.0 |       0 |      41 |   0.0 |  1101
           D:7 |       0 |    1070 |   0.0 |       0 |      20 |   0.0 |   826
           D:8 |       0 |    2501 |   0.0 |       0 |      26 |   0.0 |  1334
           D:9 |       0 |    4615 |   0.0 |       0 |      55 |   0.0 |  1571
          D:10 |       0 |    2146 |   0.0 |       0 |      18 |   0.0 |   805
        Lair:1 |       0 |     705 |   0.0 |       0 |       3 |   0.0 |    77
         Sewer |       0 |     157 |   0.0 |       0 |      12 |   0.0 |   178
               +---------+---------+-------+---------+---------+-------+---------
